 Dungeon Crawl Stone Soup version 0.16.1-2-g95b8d4c (webtiles) character file.

207 DogShitOnMyToe the Chopper (level 5, -3/40 HPs)
             Began as a Demigod Wanderer on Mar 25, 2015.
             Slain by an ogre
             ... wielding a +0 giant club
              (19 damage)
             ... on level 3 of the Dungeon.
             The game lasted 00:07:42 (4552 turns).

DogShitOnMyToe the Chopper (Demigod Wanderer)       Turns: 4552, Time: 00:07:42

Health: -3/40      AC:  9    Str: 15    XL:     5   Next: 28%
Magic:  8/8        EV:  9    Int: 17    God:
Gold:   137        SH:  0    Dex: 16    Spells: 0 memorised, 4 levels left

rFire  . . .     SeeInvis .     j - +0 halberd
rCold  . . .     Clarity  .     a - +2 scale mail
rNeg   . . .     SustAb   +     (no shield)
rPois  .         Gourm    .     e - +0 helmet
rElec  .         Spirit   .     (no cloak)
rCorr  .         Warding  .     (no gloves)
rMut   .         Stasis   .     (no boots)
MR     .....                    (no amulet)
Stlth  +.........               (no ring)
                                (no ring)

@: not resistant to hostile enchantments, very unstealthy
A: sustain abilities
a: no special abilities


You were on level 3 of the Dungeon.
You were not hungry.

You visited 1 branch of the dungeon, and saw 3 of its levels.

You collected 137 gold pieces.

Inventory:

Hand weapons
 b - a +0 hand axe
 j - a +0 halberd (weapon)
Armour
 a - a +2 scale mail (worn)
 e - a +0 helmet (worn)
 r - a +0 cloak
Magical devices
 c - a wand of magic darts (18)
 p - a wand of lightning (4)
Scrolls
 i - a scroll of amnesia {unknown}
 k - 3 scrolls of fear {unknown}
 l - a scroll of fog {unknown}
 m - 2 scrolls of blinking {unknown}
 t - a scroll of identify {unknown}
 v - a scroll of magic mapping {unknown}
Potions
 o - a potion of restore abilities
 q - a potion of brilliance {unknown}
 u - a potion of ambrosia {unknown}
Comestibles
 d - a beef jerky
 f - 2 bread rations
 g - 2 royal jellies
 h - a fruit
 n - 2 chunks of flesh


   Skills:
 - Level 1.0 Fighting
 + Level 4.9 Axes
   Level 1.0 Crossbows
 - Level 2.6 Armour
 - Level 1.7 Stealth
   Level 2.6 Necromancy


You had 4 spell levels left.
You didn't know any spells.

Dungeon Overview and Level Annotations

Branches:
Dungeon (3/15)


Innate Abilities, Weirdness & Mutations

Your attributes are resistant to harm.


Message History

You kill the giant cockroach!
No target in view!
No target in view!
No target in view!
No target in view!
An ogre comes into view. It is wielding a giant club.
Attack whom?
Press: ? - help, Dir - move target cursor, f - ogre
Aim: an ogre, wielding a giant club You reach to attack!
You closely miss the ogre. You barely miss the ogre.
The ogre barely misses you.
You barely miss the ogre. The ogre barely misses you.
You hit the ogre.
The ogre is lightly wounded.
The ogre hits you with a giant club!!
Ouch! That really hurt!
You hit the ogre.
The ogre is moderately wounded.
The ogre hits you with a giant club!!
You die...

.####....# .#
#....# .#
#....# .#
#....# .#
#....# .#
###### .# ##
############
#
#....@O....#
#
#.########.#
########.#
#........#
#.......###.#
#...........#
######'#.####
###.#.# #####
#...#..


You could see an ogre.

Vanquished Creatures
  10 gnolls (D:3)
  3 adders
  A giant mite (D:1)
  2 worms (D:2)
  A giant gecko (D:1)
  An ooze (D:3)
  An orc (D:3)
  6 bats
  4 giant cockroaches
  10 hobgoblins
  5 jackals
  9 kobolds
  A quokka (D:3)
  3 giant newts
  9 goblins
  2 rats
  A spectral orc (D:2)
69 creatures vanquished.

Notes
Turn   | Place    | Note
--------------------------------------------------------------
     0 | D:1      | DogShitOnMyToe, the Demigod Wanderer, began the quest for the Orb.
     0 | D:1      | DogShitOnMyToe set off with: a +2 scale mail, a +0 hand axe, the Incunabulum of Sinister Rituals, a +0 dagger, a bread ration
     0 | D:1      | Reached XP level 1. HP: 16/16 MP: 2/2
     0 | D:1      | Identified the Incunabulum of Sinister Rituals
    72 | D:1      | Reached skill level 1 in Axes
   155 | D:1      | Reached XP level 2. HP: 23/23 MP: 3/3
  1091 | D:2      | Found a basalt altar of Yredelemnul.
  1096 | D:2      | Reached XP level 3. HP: 24/28 MP: 5/5
  1301 | D:2      | Found a sparkling altar of Nemelex Xobeh.
  1312 | D:2      | Reached skill level 3 in Axes
  2400 | D:2      | Reached XP level 4. HP: 32/35 MP: 7/7
  2838 | D:3      | Reached skill level 4 in Axes
  3748 | D:3      | Found a shattered altar of Ashenzari.
  3777 | D:3      | Reached XP level 5. HP: 26/40 MP: 8/8
  4545 | D:3      | Noticed an ogre
  4552 | D:3      | Slain by an ogre

Action                   |  1- 3 |  4- 6 || total
-------------------------+-------+-------++-------
Melee: Hand axe          |   183 |   133 ||   316
       Unarmed           |       |     2 ||     2
       Halberd           |       |     6 ||     6
  Use: Scroll            |       |     3 ||     3
       Potion            |       |     4 ||     4
  Eat: Chunk             |     5 |     2 ||     7
       Meat ration       |       |     1 ||     1
